 Dungeon Crawl Stone Soup version 0.29-a0-577-gafbf2c5d25 (webtiles) character file.

Game seed: 1162281996417030825

22796 tilp the Merchant of Misery (level 12, -1/97 HPs)
             Began as a Mummy Necromancer on June 13, 2022.
             Was a Believer of Kikubaaqudgha.
             Slain by a komodo dragon (29 damage)
             ... on level 3 of the Lair of Beasts.
             The game lasted 00:30:00 (18891 turns).

tilp the Merchant of Misery (Mummy Necromancer)    Turns: 18891, Time: 00:30:01

Health: -1/97      AC:  9    Str: 11    XL:     12   Next: 66%
Magic:  19/25      EV: 15    Int: 24    God:    Kikubaaqudgha [**....]
Gold:   345        SH:  0    Dex: 18    Spells: 12/29 levels left

rFire   . . .      SeeInvis .   a - +9 demon blade (flame)
rCold   + + +      Faith    .   (no shield)
rNeg    + + +      Spirit   .   o - +2 robe of Wonder {Drain rC+++ Int+4 Dex+6}
rPois   ∞          Reflect  .   f - +1 helmet
rElec   .          Harm     .   x - scarf {rC+ rF+}
rCorr   .          Rampage  .   l - +1 pair of gloves
Will    +....                   v - +0 pair of boots
Stlth   ++........              J - amulet of the acrobat
HPRegen 0.26/turn               (no ring)
MPRegen 0.19/turn               (no ring)

@: studying Bows, very slow
A: cold resistance 1, negative energy resistance 3, torment resistance 2, heat
vulnerability 1, in touch with death 1, no potions
a: Renounce Religion, Unearth Wretches


You were on level 3 of the Lair of Beasts.
You worshipped Kikubaaqudgha.
Kikubaaqudgha was pleased with you.
You visited 3 branches of the dungeon, and saw 16 of its levels.
You also visited: Sewer, Ossuary and Bailey.

You collected 1083 gold pieces.
You spent 738 gold pieces at shops.

Inventory:

Hand Weapons
 a - a +9 demon blade of flaming (weapon)
 B - a +4 quarterstaff of chaos
 F - the +6 whip "Izyrphas" {vorpal, Str+5 Dex+4 SInv}
   (You found it on level 2 of the Lair of Beasts)

   It inflicts extra damage upon your enemies.
   Str:       It affects your strength (+5).
   Dex:       It affects your dexterity (+4).
   SInv:      It lets you see invisible.
Missiles
 c - 25 boomerangs
 j - 8 datura-tipped darts
 w - 10 curare-tipped darts
 z - 5 atropa-tipped darts
 C - 26 poisoned darts (quivered)
 D - 2 throwing nets
Armour
 f - a +1 helmet (worn)
 l - a +1 pair of gloves (worn)
 o - the +2 robe of Wonder (worn) {Drain rC+++ Int+4 Dex+6}
   (You found it in a sewer)

   Int:       It affects your intelligence (+4).
   Dex:       It affects your dexterity (+6).
   rC:        It renders you almost immune to cold.
   Drain:     It drains your maximum health when unequipped.
 s - the +1 robe of Least Resistance {rCorr Str-3 Dex+6 SInv}
   (You found it on level 2 of the Dungeon)

   Str:       It affects your strength (-3).
   Dex:       It affects your dexterity (+6).
   SInv:      It lets you see invisible.
   rCorr:     It protects you from acid and corrosion.
 v - a +0 pair of boots (worn)
 x - a scarf of resistance (worn)
Magical Staves
 b - a staff of death
Jewellery
 A - a ring of ice
 J - an amulet of the acrobat (around neck)
 K - a ring of see invisible
 L - a ring of protection from cold
Wands
 u - a wand of iceblast (12)
 y - a wand of digging (9)
 E - a wand of polymorph (5)
 G - a wand of acid (3)
 H - a wand of mindburst (7)
 M - a wand of flame (5)
Scrolls
 d - 4 scrolls of poison
 e - 3 scrolls of silence
 g - 3 scrolls of brand weapon
 i - 2 scrolls of fear
 k - 2 scrolls of amnesia
 m - 5 scrolls of teleportation
 n - a scroll of vulnerability
 p - a scroll of summoning
 r - 3 scrolls of fog
 t - 3 scrolls of blinking
 I - a scroll of torment
 N - a scroll of magic mapping
Miscellaneous
 h - a condenser vane
 q - a phantom mirror


   Skills:
 - Level 10.0 Fighting
 - Level 4.0 Staves
 - Level 6.0 Dodging
 - Level 4.0 Stealth
 - Level 9.0 Spellcasting
 - Level 6.0 Hexes
 + Level 13.2 Necromancy
 - Level 4.0 Evocations


You had 12 spell levels left.
You knew the following spells:

 Your Spells              Type           Power      Damage    Failure   Level
a - Necrotize             Necr           100%       1d9       1%          1
b - Vampiric Draining     Necr           84%        2d12      1%          3
c - Animate Dead          Necr           84%        N/A       1%          4
d - Anguish               Hex/Necr       35%        N/A       1%          4
e - Agony                 Necr           84%        N/A       1%          5

Your spell library contained the following spells:

 Spells                   Type           Power      Damage    Failure   Level
 Ensorcelled Hibernation  Hex/Ice        50%        N/A       2%          2
 Apportation              Tloc           20%        N/A       6%          1
 Metabolic Englaciation   Hex/Ice        12%        N/A       43%         5
 Petrify                  Tmut/Erth      10%        N/A       50%         4
 Alistair's Intoxication  Tmut/Pois      6%         N/A       85%         5
 Iskenderun's Battlesphe  Conj           10%        2d6       85%         5
 Iron Shot                Conj/Erth      5%         9d2       100%        6
 Spellforged Servitor     Conj/Summ      5%         N/A       100%        7
 Spider Form              Tmut/Pois      Unusable   N/A       N/A         3
 Statue Form              Tmut/Erth      Unusable   N/A       N/A         6

Dungeon Overview and Level Annotations

Branches:
Dungeon (11/15)            Temple (1/1) D:7            Lair (4/6) D:9
 Shoals (0/4) Lair:4          Orc (0/2) D:9           Sewer (visited)
Ossuary (visited)          Bailey (visited)
  Snake: Lair:2-4    Spider: Lair:2-4

Altars:
Ashenzari
Cheibriados
Dithmenos
Elyvilon
Fedhas
Gozag
Hepliaklqana
Kikubaaqudgha
Makhleb
Nemelex Xobeh
Okawaru
Qazlal
Ru
Sif Muna
Trog
Uskayaw
Vehumet
Wu Jian
Xom
Yredelemnul
Zin
The Shining One
Beogh

Shops:
D:4 ((!   D:8 ?

Annotations:
D:9 2 transporters
D:10 QuickerDeath's ghost, journeyman DECj


Innate Abilities, Weirdness & Mutations

You are immune to poison.
Your flesh is cold resistant. (rC+)
You are immune to negative energy. (rN+++)
You are immune to unholy pain and torment.
You are vulnerable to heat. (rF-)
You are in touch with the powers of death.
You do not drink.


Message History

Confirm with . or Enter, or press ? or * to list all spells.
Casting: Anguish (mildly dangerous; 1% risk of failure)
Press: ? - help, Dir - look around, f - activate You feel a surge of power!
The iguana easily resists.
The komodo dragon is haunted by guilt!
You hear an angry hiss.
The komodo dragon bites your blink frog zombie!
Your blink frog zombie is destroyed!
The komodo dragon is wracked by anguish.
The iguana misses you.
A frilled lizard comes into view.
Your unstable footing causes you to fumble your attack.
The komodo dragon bites you.
The komodo dragon is wracked by anguish.
The iguana closely misses you.
The komodo dragon bites your blink frog zombie!!
Your blink frog zombie is destroyed!
The komodo dragon is wracked by anguish!!
Your unstable footing causes you to fumble your attack.
The iguana closely misses you. The komodo dragon barely misses you.
Unknown command.
Unknown command.
Your unstable footing causes you to fumble your attack.
The iguana barely misses you. The komodo dragon bites you.
The komodo dragon is wracked by anguish.
The komodo dragon bites you!!
The komodo dragon is wracked by anguish!!
The iguana closely misses you.
Unknown command.
Your unstable footing causes you to fumble your attack.
The komodo dragon bites you.
The komodo dragon is wracked by anguish.
The komodo dragon bites you!!
* * * LOW HITPOINT WARNING * * *
The komodo dragon is wracked by anguish!!
The komodo dragon dies!
Kikubaaqudgha accepts your kill. The iguana closely misses you.
The komodo dragon bites you!!
You die...
Kikubaaqudgha rasps: "You have failed me!
Welcome... oblivion!"

#.#.###... ##..#.##..
#..[..##.. ##....#.#.# #
#..Z#...#..
.###≈#####..#.. ###l.##≈≈#
#..#.. ## #≈ll##≈≈# #.#..#
..#≈≈#@####≈≈# #.#...
...≈≈≈ll≈≈≈≈≈≈## #.#...
..###≈≈≈≈.....≈# #.#...
##≈≈#.###..####.#...
####.# #.....#.#Z##
######.# #..##.#Z..##
###≈≈##..###.##..#.#..#
###≈≈≈≈#....##...#.#Z##..
##....≈≈≈.##..#...Z.#Z≈#..


You could see a komodo dragon (anguished), 2 iguanas and 2 frilled lizards.

Vanquished Creatures
  A hydra (D:11)
  A cyclops (D:7)
  A black mamba (Lair:1)
  2 cane toads
  A gargoyle (D:11)
  2 komodo dragons (Lair:3)
  2 trolls
  6 blink frogs (Lair:3)
  Sigmund (D:4)
  A shadow (D:10)
  12 yaks
  2 wyverns
  4 water moccasins
  A black bear (Lair:2)
  2 orc warriors
  An ice beast (D:6)
  A phantom (D:4)
  5 wolves
  4 centaurs
  A kobold brigand (Bailey)
  5 necrophages
  2 elf zombies (Ossuary)
  6 bullfrogs
  A gnoll sergeant (D:11)
  2 scorpions (D:5)
  8 wights
  4 killer bees (D:8)
  4 howler monkeys
  4 centaur zombies (D:10)
  5 jellies
  4 hounds
  Crazy Yiuf (D:7)
  2 orc priests
  4 gnoll shamans
  8 orc wizards
  7 iguanas
  2 hell rats (Lair:3)
  4 mummies
  A howler monkey zombie (D:10)
  10 adders
  16 gnolls
  A white imp (D:6)
  2 adder zombies (Ossuary)
  2 worms (D:3)
  4 dart slugs
  37 orcs
  7 ball pythons
  5 endoplasms
  13 giant cockroaches
  8 goblins
  2 hobgoblins
  4 jackals (D:5)
  2 quokkas (Sewer)
  3 bats
  12 frilled lizards
  A goblin zombie (Ossuary)
  11 hobgoblin zombies (Ossuary)
  3 jackal zombies (Ossuary)
  6 kobolds
  9 kobold zombies (Ossuary)
  6 orc zombies (Ossuary)
  3 rats
  3 rat zombies (Ossuary)
295 creatures vanquished.

Vanquished Creatures (collateral kills)
  2 two-headed ogres (D:11)
  Nergalle (Lair:2)
  A cyclops (D:11)
  2 cane toads
  3 komodo dragons
  7 blink frogs (Lair:3)
  A wyvern (D:9)
  5 yaks
  2 water moccasins (Lair:1)
  An orc warrior (D:9)
  A sky beast (D:8)
  3 black bears
  4 wolves
  A centaur (D:8)
  2 kobold brigands (Bailey)
  2 bullfrogs
  A necrophage (D:10)
  A killer bee (D:8)
  An orc priest (D:8)
  2 hell rats (Lair:3)
  2 iguanas (Lair:3)
  2 orc wizards (D:9)
  A mummy (D:10)
  5 gnolls
  An adder (Sewer)
  An orc (D:9)
  A gnoll zombie (D:11)
  A goblin (D:9)
  2 hobgoblins (D:1)
  4 frilled lizards (Lair:3)
  7 kobolds (Bailey)
70 creatures vanquished.

Vanquished Creatures (others)
  A catoblepas (D:10)
  2 hydras
  A boulder beetle (D:9)
  2 centaur warriors
  An ogre mage (D:10)
  An orc knight (D:11)
  A cyclops (D:9)
  2 manticores (D:9)
  2 elephants (Lair:3)
  3 black mambas
  2 cane toads
  2 unseen horrors (D:10)
  A komodo dragon (shapeshifter) (D:11)
  An unseen horror zombie (D:10)
  2 rime drakes
  4 komodo dragons
  7 blink frogs (Lair:3)
  2 black mamba zombies
  A wyvern (D:8)
  A basilisk (D:9)
  5 yaks
  3 water moccasins
  An elephant zombie (Lair:3)
  6 orc warriors
  5 blink frog zombies (Lair:3)
  A wolf (Lair:1)
  A centaur (D:10)
  3 kobold brigands (Bailey)
  2 bullfrogs
  A gnoll sergeant (D:10)
  A water moccasin zombie (Lair:3)
  3 yak zombies (D:9)
  5 killer bees (D:8)
  A bullfrog zombie (Lair:3)
  A jelly (D:11)
  2 iguanas (Lair:3)
  2 hell rats (Lair:3)
  6 killer bee zombies (D:8)
  An adder (D:11)
  7 gnolls
  14 gnoll zombies
  3 adder zombies
  6 orcs
  A goblin (D:11)
  A frilled lizard (D:11)
  A frilled lizard zombie (D:11)
  8 kobold zombies (Bailey)
  7 orc zombies
  A rat (D:11)
  A rat zombie (D:11)
  73 fungi
  82 plants
  A withered plant (D:10)
295 creatures vanquished.

Grand Total: 660 creatures vanquished

Notes
Turn   | Place    | Note
-------+----------+-------------------------------------------
     0 | D:1      | tilp the Mummy Necromancer began the quest for the Orb.
     0 | D:1      | Reached XP level 1. HP: 13/13 MP: 4/4
   235 | D:1      | Reached XP level 2. HP: 14/20 MP: 1/5
   353 | D:1      | Found a faded altar of an unknown god.
   372 | D:1      | Reached skill level 1 in Fighting
  1112 | D:2      | Gained mutation: You are in touch with the powers of death.
                  | [Mummy growth]
  1112 | D:2      | Reached XP level 3. HP: 22/26 MP: 1/7
  1116 | D:2      | Learned a level 3 spell: Vampiric Draining
  1639 | D:2      | You fall into a shaft and drop 2 floors!
  1654 | D:4      | Found Muun's Weapon Emporium.
  1692 | D:4      | Found Hoetaru's Distillery.
  1737 | D:4      | Found a glowing drain.
  1755 | Sewer    | Entered a sewer
  1768 | Sewer    | Reached XP level 4. HP: 33/33 MP: 4/8
  2014 | Sewer    | Reached skill level 5 in Necromancy
  2224 | Sewer    | Noticed a bullfrog
  2234 | Sewer    | Killed a bullfrog
  2235 | Sewer    | Reached XP level 5. HP: 26/38 MP: 4/9
  2251 | Sewer    | Reached skill level 6 in Necromancy
  2251 | Sewer    | Identified the +2 robe of Wonder {Drain rC+++ Int+4 Dex+6}
  2553 | D:4      | Found Etamebly's Antique Weapon Emporium.
  2557 | D:4      | Noticed Sigmund
  2738 | D:4      | Reached XP level 6. HP: 46/46 MP: 3/10
  2924 | D:4      | Found a shadowy altar of Dithmenos.
  3190 | D:2      | Identified the +1 robe of Least Resistance {rCorr Str-3
                  | Dex+6 SInv}
  3825 | D:3      | Learned a level 4 spell: Animate Dead
  4915 | D:5      | Entered Level 5 of the Dungeon
  5067 | D:5      | Reached XP level 7. HP: 49/52 MP: 10/12
  5134 | D:5      | Learned a level 4 spell: Anguish
  5200 | D:5      | Reached skill level 7 in Necromancy
  6102 | D:6      | Found a sand-covered staircase.
  6118 | Ossuary  | Entered an ossuary
  6252 | Ossuary  | Reached skill level 5 in Spellcasting
  6252 | Ossuary  | Reached XP level 8. HP: 51/60 MP: 15/15
  6259 | Ossuary  | Reached skill level 8 in Necromancy
  6481 | D:6      | Reached skill level 1 in Hexes
  7656 | D:7      | Found a runed translucent door.
  7657 | D:7      | Noticed Crazy Yiuf
  7712 | D:7      | Found a staircase to the Ecumenical Temple.
  7781 | Temple   | Entered the Ecumenical Temple
  7970 | Temple   | Became a worshipper of Kikubaaqudgha
  8126 | D:7      | Noticed a cyclops
  8178 | D:7      | Killed a cyclops
  8179 | D:7      | Reached XP level 9. HP: 54/67 MP: 1/17
  8334 | D:7      | Reached skill level 9 in Necromancy
  8700 | D:8      | Reached skill level 5 in Fighting
  8935 | D:8      | Reached * piety under Kikubaaqudgha
  8935 | D:8      | Received a gift from Kikubaaqudgha
  9905 | D:8      | Found Jyopn's Magic Scroll Shop.
  9908 | D:8      | Bought a scroll of identify for 24 gold pieces
 10038 | D:8      | Learned a level 5 spell: Agony
 10081 | D:9      | Noticed a komodo dragon
 10086 | D:9      | Reached skill level 10 in Necromancy
 10087 | D:9      | Noticed a komodo dragon
 10091 | D:9      | Killed a komodo dragon
 10092 | D:9      | Reached XP level 10. HP: 61/76 MP: 0/20
 10093 | D:9      | Reached skill level 1 in Evocations
 10094 | D:9      | Found a staircase to the Lair.
 10124 | D:9      | Found a flagged portal.
 10208 | Bailey   | Entered a bailey
 10276 | Bailey   | Found a bloodstained altar of Trog.
 10638 | D:9      | Found a transporter.
 10679 | D:9      | Found a staircase to the Orcish Mines.
 11796 | D:9      | Reached ** piety under Kikubaaqudgha
 11959 | D:9      | Found a transporter.
 12033 | D:8      | Bought a scroll of acquirement for 624 gold pieces
 12033 | D:8      | Bought a scroll of enchant weapon for 90 gold pieces
 12034 | D:8      | Acquired a staff of death
 12217 | D:4      | Killed Sigmund
 12371 | D:7      | Killed Crazy Yiuf
 12505 | D:10     | Entered Level 10 of the Dungeon
 12698 | D:10     | Reached skill level 5 in Hexes
 12698 | D:10     | Reached skill level 11 in Necromancy
 12698 | D:10     | Reached XP level 11. HP: 65/84 MP: 21/23
 13196 | D:10     | Found a runed translucent door.
 13197 | D:10     | Noticed QuickerDeath's ghost (journeyman DECj)
 13197 | D:10     | Noticed a purple ugly thing
 14027 | D:11     | Noticed a two-headed ogre
 14034 | D:11     | Killed a two-headed ogre
 14678 | D:11     | Noticed a two-headed ogre
 14693 | D:11     | Killed a two-headed ogre
 14694 | D:11     | Reached skill level 12 in Necromancy
 14996 | D:11     | Noticed a four-headed hydra
 15004 | D:11     | Killed a one-headed hydra
 15244 | D:11     | Reached skill level 1 in Staves
 15319 | D:11     | Noticed an angel
 15457 | Lair:1   | Entered Level 1 of the Lair of Beasts
 16274 | Lair:2   | Identified the +6 whip "Izyrphas" {vorpal, Str+5 Dex+4
                  | SInv}
 16497 | Lair:2   | Noticed Nergalle
 16506 | Lair:2   | Killed Nergalle
 16507 | Lair:2   | Reached XP level 12. HP: 86/94 MP: 11/25
 16902 | Lair:3   | Reached skill level 5 in Dodging
 17167 | Lair:3   | You fall into a shaft and drop 1 floor!
 17167 | Lair:4   | Found a staircase to the Shoals.
 18075 | Lair:3   | Reached skill level 13 in Necromancy
 18705 | Lair:3   | Reached skill level 10 in Fighting
 18891 | Lair:3   | Slain by a komodo dragon

Illustrated notes

Levels and vault maps discovered:
D:1:      roderic_octagonal_star, layout_basic, basic_ecumenical_altar
D:2:      layout_basic
D:3:      layout_loops_corners
D:4:      layout_basic, lemuel_doored_altar, serial_shops, shop, shop,
          nicolae_shop_advertising_works [nicolae_subvault_shop_adworks],
          portal_sewer_entry_d, item_on_display_a, uniq_sigmund
D:5:      minmay_inner_zag, layout_loops_ring
D:6:      layout_basic, enter_ossuary_2, hangedman_decor_opposing
D:7:      layout_cave_pools, temple_doors_cd, uniq_crazy_yiuf_cottage
D:8:      layout_basic, serial_shops, nicolae_shop_behind_doors
D:9:      gammafunk_beogh_shrine, layout_basic, due_lair_maze_entry_diamond,
          orc_david_3, enter_bailey_5
D:10:     layout_gridville, serial_undead, serial_undead_c, serial_undead_f,
          serial_undead_a, serial_undead_b, serial_undead_c, serial_undead_d,
          serial_undead_a, ebering_ghost_inner_flame
D:11:     layout_loops_ring, zin_angel
Temple:   minmay_crystal_snake_temple
Lair:1:   layout_gridlike
Lair:2:   layout_big_grid, uniq_nergalle
Lair:3:   lemuel_reptile_caves, layout_loops_ring, beast_lair_carwin_8
Lair:4:   layout_concentric_octagons, minmay_shoals_entry_centaurs,
          minmay_snake_entry_spellcaster, nicolae_lair_lindhole,
          grunt_megastairs_4, uniq_nessos

Skill      XL: |  1  2  3  4  5  6  7  8  9 10 11 12 |
---------------+-------------------------------------+-----
Fighting       | 1 2 3 4 6 7 8 10 | 10.0
Spellcasting   | 3 5 7 8 9 |  9.0
Stealth        | 2 3 4 |  4.0
Dodging        | 2 3 4 6 |  6.0
Necromancy     | 5 6 7 8 10 11 12 13 | 13.2
Hexes          | 2 4 5 6 |  6.0
Evocations     | 3 4 |  4.0
Staves         | 2 4 |  4.0

Action                   |  1- 3 |  4- 6 |  7- 9 | 10-12 || total
-------------------------+-------+-------+-------+-------++-------
Melee: Dagger            |    10 |    22 |       |       ||    32
       Demon blade       |       |    83 |   264 |   287 ||   634
       Punch             |       |     1 |     4 |     3 ||     8
Throw: Stone             |     7 |       |       |       ||     7
 Cast: Necrotize         |    46 |    48 |     4 |     7 ||   105
       Vampiric Draining |       |     1 |     2 |       ||     3
       Anguish           |       |       |    17 |    42 ||    59
       Animate Dead      |       |       |     6 |    11 ||    17
       Agony             |       |       |     2 |    10 ||    12
Invok: Unearth Wretches  |       |       |     1 |    12 ||    13
Evoke: Condenser vane    |       |       |       |     1 ||     1
  Use: Scroll            |     4 |     3 |    11 |     8 ||    26
 Stab: Sleeping          |       |     9 |     3 |     4 ||    16
       Distracted        |       |       |     1 |     7 ||     8
       Paralysed         |       |       |       |     2 ||     2
Armor: Robe              |     2 |    41 |   123 |   120 ||   286
Dodge: Dodged            |    21 |    74 |   226 |   322 ||   643

Table legend: (Time is in decaauts)
 A = Elapsed time spent in this place.
 B = Non-inter-level travel time spent in this place.
 C = Inter-level travel time spent in this place.
 D = Time resting spent in this place.
 E = Time spent auto-exploring this place.
 F = Levels seen in this place.
 G = Mean time per level.
                   A        B        C        D        E       F      G
               +--------+--------+--------+--------+--------+-----+--------+
         Total |  19192 |  18101 |   1091 |    791 |  14355 |  19 | 1010.1 |
       Dungeon |  14087 |  13080 |   1007 |    791 |  10262 |  11 | 1280.6 |
        Temple |    206 |    158 |     48 |      0 |    140 |   1 |  206.0 |
          Lair |   3474 |   3438 |     36 |      0 |   2984 |   4 |  868.5 |
         Sewer |    870 |    870 |      0 |      0 |    697 |   1 |  870.0 |
       Ossuary |    300 |    300 |      0 |      0 |    125 |   1 |  300.0 |
        Bailey |    253 |    253 |      0 |      0 |    145 |   1 |  253.0 |
               +--------+--------+--------+--------+--------+-----+--------+

Top non-repeatable levels by time:
  Lair:3: 2151 daAuts
     D:9: 1769 daAuts
    D:10: 1570 daAuts
     D:4: 1457 daAuts
     D:8: 1439 daAuts
    D:11: 1387 daAuts
     D:7: 1317 daAuts
     D:5: 1211 daAuts
     D:6: 1088 daAuts
     D:3: 1022 daAuts
     D:1: 973 daAuts
   Sewer: 870 daAuts
     D:2: 849 daAuts
  Lair:1: 714 daAuts
  Lair:2: 588 daAuts
